AoeStats
← ツZuck3r

Black Forest

510132121Analyzed
2v2 RM · 20h ago on Sep 29, 2026· 55m 47s· 4 players
Game mode
Random Map
Map size
Medium (4 player)
Population
200
Speed
Normal
Resources
Standard
Victory
Conquest
Starting age
Dark Age
Ending age
Imperial Age
RankedLock teamsTeams togetherTeam positionsShared explorationLock speedFull tech treeHidden civsTurbo modeCheats
Victory
Defeat
🇺🇸 Chinese · United States
639
+13
🇵🇪 Goths · Peru
552
+18
🇩🇪 Chinese · Germany
590
-16
🇹🇷 Spanish · Türkiye
562
-15
ツZuck3r
0:34 Loom
11:42 Feudal Age
13:01 Wheelbarrow
12:10 Horse Collar
12:17 Double-Bit Axe
13:06 Gold Mining
21:57 Castle Age
20:13 Stone Mining
23:19 Hand Cart
23:06 Heavy Plow
23:26 Bow Saw
23:59 Heavy Plow
28:18 Squires
30:32 Gold Shaft Mining
30:36 Stone Shaft Mining
30:19 Masonry
30:21 Fortified Wall
34:32 Forging
34:23 Scale Mail Armor
34:28 Scale Barding Armor
35:46 Ballistics
42:24 Imperial Age
40:33 Iron Casting
40:13 Chain Mail Armor
40:18 Chain Barding Armor
43:31 Conscription
43:00 Heavy Scorpion
43:03 Elite Fire Lancer
43:05 Cavalier
43:52 Great Wall
44:45 Capped Ram
46:27 Elite Chu Ko Nu
47:55 Siege Ram
52:58 Blast Furnace
52:28 Plate Mail Armor
52:34 Plate Barding Armor
Tyrann03
1:17 Loom
12:33 Feudal Age
13:10 Double-Bit Axe
13:08 Horse Collar
13:25 Town Watch
16:17 Wheelbarrow
19:37 Arson
21:03 Gold Mining
22:24 Man-at-Arms
24:19 Forging
24:15 Scale Barding Armor
24:11 Padded Archer Armor
29:17 Castle Age
28:14 Fletching
28:29 Scale Mail Armor
28:38 Scale Mail Armor
28:35 Stone Mining
29:28 Bloodlines
30:50 Stone Shaft Mining
30:29 Bow Saw
30:23 Heavy Plow
30:26 Town Patrol
30:42 Hand Cart
32:45 Husbandry
33:17 Fervor
34:24 Iron Casting
33:45 Bodkin Arrow
34:05 Leather Archer Armor
34:12 Chain Barding Armor
35:38 Thumb Ring
37:33 Fervor
37:44 Sanctity
42:33 Imperial Age
42:41 Capped Ram
43:23 Murder Holes
44:48 Chemistry
44:28 Plate Barding Armor
44:23 Ring Archer Armor
43:54 Bracer
44:54 Blast Furnace
44:21 Siege Ram
45:39 Ballistics
46:23 Hoardings
51:19 Cavalier
56:20 Bombard Tower
67676767676767676767676767676767
0:30 Loom
15:46 Feudal Age
16:31 Double-Bit Axe
22:02 Castle Age
22:47 Wheelbarrow
23:11 Horse Collar
25:24 Hand Cart
25:42 Heavy Plow
26:25 Bow Saw
38:41 Imperial Age
38:55 Fortified Wall
39:29 Coinage
40:28 Two-Man Saw
39:32 Stone Mining
39:32 Gold Mining
39:31 Town Watch
41:00 Banking
41:20 Stone Shaft Mining
42:33 Fletching
42:43 Padded Archer Armor
42:54 Forging
42:44 Scale Mail Armor
42:32 Capped Ram
43:42 Great Wall
44:03 Conscription
44:08 Ballistics
44:49 Chemistry
44:00 Masonry
43:46 Murder Holes
43:52 Bodkin Arrow
44:12 Leather Archer Armor
44:01 Town Patrol
45:31 Rocketry
44:32 Elite Chu Ko Nu
45:33 Bracer
46:03 Ring Archer Armor
46:09 Iron Casting
45:49 Chain Mail Armor
46:33 Thumb Ring
46:38 Squires
46:23 Arson
45:59 Pikeman
46:00 Man-at-Arms
46:37 Halberdier
47:54 Architecture
47:51 Long Swordsman
48:20 Siege Ram
48:20 Heavy Rocket Cart
49:39 Gold Shaft Mining
51:22 Blast Furnace
50:52 Plate Mail Armor
50:59 Bombard Tower
50:27 Arrowslits
50:35 Guard Tower
50:45 Two-Handed Swordsman
51:36 Champion
jeffersonproel
16:06 Feudal Age
18:15 Gold Mining
18:16 Stone Mining
19:16 Wheelbarrow
25:08 Castle Age
24:43 Double-Bit Axe
29:16 Hand Cart
33:53 Imperial Age
33:51 Bow Saw
35:30 Horse Collar
36:30 Stone Shaft Mining
36:15 Pikeman
40:05 Scale Mail Armor
40:05 Padded Archer Armor
39:56 Fletching
40:16 Forging
39:32 Elite Huskarl
41:53 Chemistry
41:13 Ballistics
40:43 Halberdier
41:24 Squires
42:33 Two-Man Saw
42:44 Caravan
42:23 Elite Skirmisher
45:13 Chain Mail Armor
45:14 Leather Archer Armor
44:55 Bodkin Arrow
45:35 Iron Casting
Connection lost

Rejoining the realm…

Still unreachable

The connection could not be restored.

Session expired

The server has moved on; the page needs a fresh start.